 Dungeon Crawl Stone Soup version 0.20.1-1-g8b1a95d (webtiles) character file.

11894 gobwax the Arsonist (level 11, 0/54 HPs)
             Began as an Octopode Fire Elementalist on Aug 14, 2017.
             Was an Elder of Vehumet.
             Slain by a minotaur
             ... wielding a +1 antimagic demon blade
              (5 damage)
             ... in a labyrinth.
             The game lasted 00:47:29 (15929 turns).

gobwax the Arsonist (Octopode Fire Elementalist)   Turns: 15929, Time: 00:47:30

Health: 0/54       AC:  2    Str:  8    XL:     11   Next: 84%
Magic:  0/25       EV: 19    Int: 22    God:    Vehumet [****..]
Gold:   674        SH:  0    Dex: 18    Spells: 9/30 levels left

rFire    . . .     SeeInvis +   j - +3 trident
rCold    . . .     Gourm    .   (no shield)
rNeg     . . .     Faith    .   (helmet restricted)
rPois    .         Spirit   .   H - amulet of regeneration
rElec    .         Reflect  .   i - ring of see invisible
rCorr    .         Harm     .   (no ring)
MR       .....                  (no ring)
Stlth    ++++......             (no ring)
Regen    0.6/turn               (no ring)
MPRegen  0.2/turn               (no ring)
                                (no ring)
                                (no ring)

@: agile
A: almost no armour, stealthy swim, amphibious, 8 rings, constrict 8, antennae
1, camouflage 1, clever 1, frail 1, shaggy fur 1, gelatinous body 1, evolution
2, no potion heal 1
a: Renounce Religion


You were in a labyrinth.
You worshipped Vehumet.
Vehumet was greatly pleased with you.
You were full.

You visited 2 branches of the dungeon, and saw 12 of its levels.
You also visited: Labyrinth.

You collected 674 gold pieces.

Inventory:

Hand Weapons
 j - a +3 trident (weapon)
 m - a +2 dagger of venom
 w - a -2 dagger
 B - a -2 long sword
Jewellery
 i - a ring of see invisible (left tentacle)
 E - an uncursed ring of ice
 H - an amulet of regeneration (around mantle)
 N - an uncursed amulet of the gourmand {unknown}
Wands
 g - a wand of paralysis (6/24)
 x - a wand of iceblast (8/15)
 A - a wand of scattershot (5/9)
 C - a wand of digging (9/24)
 F - a wand of polymorph (7/24)
 G - a wand of paralysis (12/24)
 I - a wand of random effects (35/48)
 M - a wand of iceblast (3/15)
Scrolls
 c - 9 scrolls of identify
 e - 4 scrolls of teleportation
 f - 9 scrolls of remove curse
 h - a scroll of immolation
 q - a scroll of enchant armour
 t - 2 scrolls of fog
Potions
 d - a potion of agility
 n - a potion of haste
 o - 3 potions of heal wounds {unknown}
 p - a potion of brilliance {unknown}
 r - 2 potions of curing {unknown}
 s - 2 potions of flight
 u - a potion of invisibility {unknown}
 v - a potion of magic {unknown}
 D - a potion of degeneration {unknown}
 J - a potion of resistance {unknown}
 K - a potion of mutation {unknown}
Books
 a - a book of Flames

   Spells                             Type                      Level
   a - Flame Tongue                   Conjuration/Fire             1
   b - Throw Flame                    Conjuration/Fire             2
   c - Conjure Flame                  Conjuration/Fire             3
   d - Inner Flame                    Hexes/Fire                   3
   e - Sticky Flame                   Conjuration/Fire             4
   f - Fireball                       Conjuration/Fire             5
 l - a book of Maledictions

   Spells                             Type                      Level
   a - Corona                         Hexes                        1
   b - Ensorcelled Hibernation        Hexes/Ice                    2
   c - Confuse                        Hexes                        3
   d - Tukima's Dance                 Hexes                        3
   e - Dazzling Spray                 Conjuration/Hexes            3
 y - a Young Poisoner's Handbook

   Spells                             Type                      Level
   a - Sting                          Conjuration/Poison           1
   b - Poisonous Vapours              Poison/Air                   2
   c - Mephitic Cloud                 Conjuration/Poison/Air       3
   d - Olgreb's Toxic Radiance        Poison                       4
   e - Venom Bolt                     Conjuration/Poison           5
Comestibles
 b - 9 bread rations
 z - 2 meat rations


   Skills:
 - Level 1.8 Polearms
 - Level 2.0 Dodging
 - Level 2.6 Stealth
 + Level 10.2 Spellcasting
 + Level 9.4 Conjurations
 - Level 0.2 Transmutations
 + Level 11.8 Fire Magic


You had 9 spell levels left.
You knew the following spells:

 Your Spells              Type           Power        Failure   Level  Hunger
a - Flame Tongue          Conj/Fire      #####        1%          1    None
b - Conjure Flame         Conj/Fire      ######..     1%          3    None
c - Throw Flame           Conj/Fire      ######       1%          2    None
d - Sticky Flame          Conj/Fire      ######..     1%          4    ##.....
e - Fireball              Conj/Fire      ######....   1%          5    ####...
f - Mephitic Cloud        Conj/Pois/Air  ####....     1%          3    None
g - Ignite Poison         Fire/Tmut/Pois ####....     1%          3    None


Dungeon Overview and Level Annotations

Branches:
Dungeon (11/15)            Temple (1/1) D:5            Lair (0/6) D:8
    Orc: D:9-12

Altars:
Ashenzari
Cheibriados
Gozag
Hepliaklqana
Kikubaaqudgha
Makhleb
Nemelex Xobeh
Okawaru
Ru
Vehumet
Xom
Yredelemnul
Zin

Shops:
D:4 (


Innate Abilities, Weirdness & Mutations

You cannot wear most types of armour.
You are very stealthy in the water. (Stealth+)
You are amphibious.
You can wear up to eight rings at the same time.
You can use your tentacles to constrict eight enemies at once.
Your skin changes colour to match your surroundings (Stealth+).
Your rubbery body absorbs attacks. (AC +1, EV +1)
You have a pair of small antennae on your head.
Your mind is acute. (Int +2)
You are frail. (-10% HP)
You are covered in fur. (AC +1)
You rapidly evolve.
Potions are less effective at restoring your health.


Message History

It was a potion of agility.
You feel agile all of a sudden.
The minotaur is engulfed in blazing flames.
The minotaur misses you. The minotaur gores you!
Casting: Ignite Poison
Confirm with . or Enter, or press ? or * to list all spells.
Aiming: Sticky Flame
Press: ? - help, Shift-Dir - straight line, f/p - minotaur
Aim: a minotaur, wielding an antimagic demon blade, wearing a plate armour, wearing a shield and wearing a coral ring (flame, heavily wounded)
The sticky flame hits the minotaur.
The minotaur is heavily wounded.
The minotaur is covered in liquid flames!
The minotaur burns!
The minotaur is engulfed in blazing flames.
The minotaur hits you with an antimagic demon blade!!!
Ouch! That really hurt!
* * * LOW HITPOINT WARNING * * *
You feel your power leaking away. The minotaur gores you.
You die...

## ..# #.## ###
#. .. ..#
#.#.##..####### #
#.. . . . ..... .
# ###. #
#######.## # # .
. :8|8§8#..# .#..
....§§H@####
#....
[8÷8§8#....#.
####. ######
#..###.# #...
..........# . #
#..###.##..##.#.
# # .
#.#.......#.....#
#. #.#.
####.#####. # .
#.#.# . ... .. #
.# ########


You could see a minotaur (burning).

Vanquished Creatures
  Fannar (D:10)
  Harold (D:10)
  2 two-headed ogres
  Maurice (D:8)
  A hornet (D:10)
  A troll (D:10)
  A hippogriff (D:10)
  11 yaks
  2 hungry ghosts
  Grum (D:8)
  A water moccasin (D:10)
  An acid dragon (D:10)
  Duvessa (D:6)
  7 ice beasts
  7 orc warriors
  2 black bears
  3 sky beasts
  3 phantoms
  An eye of draining (D:9)
  3 ogres
  A necrophage (D:10)
  2 centaurs
  3 wolves (D:8)
  The ghost of gobwax the Firebug, an amateur OpFE (D:3)
  3 bullfrogs
  A water moccasin zombie (D:10)
  Dowan (D:6)
  A scorpion (D:4)
  11 killer bees (D:8)
  13 wights
  2 howler monkeys (D:9)
  3 crimson imps
  A bullfrog zombie (D:6)
  15 orc wizards
  5 hounds
  8 orc priests
  A bullfrog skeleton (D:10)
  A centaur skeleton (D:8)
  9 iguanas
  7 worker ants
  A hound zombie (D:7)
  A hound skeleton (D:4)
  A howler monkey zombie (D:10)
  Robin (D:4)
  17 adders
  5 shadow imps
  3 oozes
  An adder zombie (D:10)
  4 adder skeletons
  2 worms (D:4)
  6 leopard geckos
  32 orcs
  2 ball pythons
  8 bats
  3 giant cockroaches
  11 goblins
  12 hobgoblins
  10 jackals
  7 quokkas
  5 frilled lizards
  A jackal skeleton (D:4)
  5 kobolds
  10 rats
288 creatures vanquished.

Vanquished Creatures (others)
  A bat (D:2)
1 creature vanquished.

Grand Total: 289 creatures vanquished

Notes
Turn   | Place    | Note
-------+----------+-------------------------------------------
     0 | D:1      | gobwax the Octopode Fire Elementalist began the quest for the Orb.
     0 | D:1      | Reached XP level 1. HP: 11/11 MP: 3/3
   225 | D:1      | Reached XP level 2. HP: 7/17 MP: 0/5
  1028 | D:2      | Reached XP level 3. HP: 21/21 MP: 1/6
  1302 | D:2      | Reached skill level 4 in Fire Magic
  1641 | D:2      | Reached XP level 4. HP: 8/27 MP: 1/7
  1856 | D:2      | Found a faded altar of an unknown god.
  2197 | D:2      | Found a shimmering altar of Xom.
  2198 | D:2      | Noticed an angel
  2199 | D:2      | Found a glowing silver altar of Zin.
  2651 | D:3      | Found a hazy altar of Hepliaklqana.
  2882 | D:3      | Noticed gobwax's ghost (amateur OpFE)
  2894 | D:3      | Learned a level 3 spell: Conjure Flame
  2905 | D:3      | Killed gobwax's ghost
  2905 | D:3      | Reached XP level 5. HP: 18/31 MP: 0/9
  3563 | D:3      | Reached skill level 5 in Fire Magic
  3723 | D:4      | Found a sacrificial altar of Ru.
  3803 | D:4      | Reached XP level 6. HP: 20/36 MP: 9/11
  3944 | D:4      | Found Ocsistae's Weapon Shoppe.
  4347 | D:4      | Reached XP level 7. HP: 41/41 MP: 4/13
  4699 | D:4      | Noticed Robin
  4780 | D:4      | Killed Robin
  5049 | D:5      | Entered Level 5 of the Dungeon
  5364 | D:5      | Found a staircase to the Ecumenical Temple.
  5375 | Temple   | Entered the Ecumenical Temple
  5391 | Temple   | Became a worshipper of Vehumet
  6037 | D:5      | Reached skill level 6 in Fire Magic
  6041 | D:5      | Learned a level 2 spell: Throw Flame
  6046 | D:5      | Learned a level 4 spell: Sticky Flame
  6303 | D:5      | Reached XP level 8. HP: 46/46 MP: 8/15
  6371 | D:5      | Reached skill level 5 in Spellcasting
  6960 | D:6      | Found an iron altar of Okawaru.
  7001 | D:6      | Reached skill level 5 in Conjurations
  7266 | D:6      | Reached skill level 7 in Fire Magic
  7545 | D:6      | Noticed Dowan
  7547 | D:6      | Noticed Duvessa
  7566 | D:6      | Killed Dowan
  7566 | D:6      | Reached skill level 1 in Polearms
  7739 | D:6      | Killed Duvessa
  8258 | D:6      | Reached XP level 9. HP: 46/51 MP: 11/17
  8265 | D:6      | Learned a level 5 spell: Fireball
  8563 | D:6      | Reached * piety under Vehumet
  8563 | D:6      | Offered knowledge of Freeze by Vehumet.
  8748 | D:7      | Reached skill level 8 in Fire Magic
  9792 | D:8      | Gained mutation: Your mind is acute. (Int +2) [mutagenic meat]
  9793 | D:8      | Gained mutation: Potions are less effective at restoring your health. [mutagenic meat]
  9816 | D:8      | Noticed Maurice
  9943 | D:8      | Killed Maurice
  9943 | D:8      | Reached skill level 9 in Fire Magic
 10052 | D:8      | Noticed Grum
 10056 | D:8      | Killed Grum
 10058 | D:8      | Reached XP level 10. HP: 56/56 MP: 6/20
 10289 | D:8      | Noticed a two-headed ogre
 10304 | D:8      | Killed a two-headed ogre
 10304 | D:8      | Reached ** piety under Vehumet
 10304 | D:8      | Offered knowledge of Throw Frost by Vehumet.
 10304 | D:8      | Reached skill level 10 in Fire Magic
 11434 | D:9      | Learned a level 3 spell: Mephitic Cloud
 12329 | D:8      | Offered knowledge of Ignite Poison by Vehumet.
 12337 | D:8      | Learned a level 3 spell: Ignite Poison
 12391 | D:8      | Learned a level 2 spell: Poisonous Vapours
 12657 | D:8      | Found a staircase to the Lair.
 12679 | D:8      | Found an ancient bone altar of Kikubaaqudgha.
 12879 | D:9      | Found an opulent altar of Gozag.
 13013 | D:9      | Noticed a two-headed ogre
 13020 | D:9      | Killed a two-headed ogre
 13020 | D:9      | Reached XP level 11. HP: 61/61 MP: 9/23
 13109 | D:9      | Reached *** piety under Vehumet
 13111 | D:9      | Reached skill level 11 in Fire Magic
 13158 | D:9      | Gained mutation: You have a pair of small antennae on your head. [mutagenic meat]
 13159 | D:9      | Gained mutation: You are covered in fur. (AC +1) [mutagenic meat]
 13160 | D:9      | Gained mutation: You evolve. [mutagenic meat]
 13546 | D:10     | Entered Level 10 of the Dungeon
 13735 | D:10     | HP: 2/91 [orc/hand axe (6)]
 14006 | D:10     | Noticed Fannar
 14014 | D:10     | Killed Fannar
 14263 | D:10     | Offered knowledge of Stone Arrow by Vehumet.
 14510 | D:10     | Noticed Harold
 14523 | D:10     | Killed Harold
 14530 | D:10     | Gained mutation: You rapidly evolve. [evolution]
 14914 | D:10     | Reached skill level 10 in Spellcasting
 15144 | D:11     | Noticed a two-headed ogre
 15150 | D:11     | Reached **** piety under Vehumet
 15155 | D:11     | Noticed a two-headed ogre
 15188 | D:11     | Found a labyrinth entrance.
 15198 | Lab      | Entered a labyrinth
 15236 | Lab      | Gained mutation: You are frail. (-10% HP) [evolution]
 15924 | Lab      | Noticed a minotaur
 15929 | Lab      | Slain by a minotaur

Skill      XL: |  1  2  3  4  5  6  7  8  9 10 11 |
---------------+----------------------------------+-----
Fire Magic     | 4 5 6 7 9 10 11 | 11.8
Spellcasting   | 3 4 5 7 8 10 | 10.2
Conjurations   | 2 3 4 5 6 8 9 |  9.4
Polearms       | 1 |  1.8
Dodging        | |  2.0
Stealth        | |  2.6
Transmutations | |  0.2

Action                   |  1- 3 |  4- 6 |  7- 9 | 10-12 || total
-------------------------+-------+-------+-------+-------++-------
Melee: Unarmed           |    39 |       |       |       ||    39
       Constrict         |    14 |    20 |    19 |     5 ||    58
       Tentacles         |     8 |    11 |    13 |     6 ||    38
       Dagger            |     9 |    85 |    53 |       ||   147
       Trident           |       |       |    87 |    41 ||   128
 Cast: Flame Tongue      |    22 |    23 |   117 |   125 ||   287
       Conjure Flame     |       |     2 |    11 |    20 ||    33
       Throw Flame       |       |       |    46 |   102 ||   148
       Sticky Flame      |       |       |    11 |    25 ||    36
       Fireball          |       |       |     6 |    10 ||    16
       Mephitic Cloud    |       |       |       |    24 ||    24
       Ignite Poison     |       |       |       |    21 ||    21
Evoke: Wand              |       |       |     1 |       ||     1
  Use: Potion            |       |     2 |     3 |     3 ||     8
       Scroll            |       |     3 |     4 |     8 ||    15
 Stab: Sleeping          |     4 |    12 |     8 |     3 ||    27
  Eat: Chunk             |     2 |     9 |    23 |    13 ||    47
       Meat ration       |       |       |       |     3 ||     3
       Royal jelly       |       |       |       |     1 ||     1
       Fruit             |       |       |       |     1 ||     1
Armor: Skin              |    12 |     4 |    15 |    11 ||    42
Dodge: Dodged            |    68 |    39 |    87 |    64 ||   258
